 Dungeon Crawl Stone Soup version 0.30.1 (webtiles) character file.

Game seed: 13891420160267680234

11736 boopmooplesden the Spear-Bearer (level 11, -26/148 HPs)
             Began as a Grey Draconian Berserker on July 5, 2023.
             Was a High Priest of Trog.
             Annihilated by a two-headed ogre
             ... wielding a +0 giant club
              (28 damage)
             ... on level 11 of the Dungeon.
             The game lasted 00:17:50 (12263 turns).

boopmooplesden the Spear-Bearer (DrBe)             Turns: 12263, Time: 00:17:50

Health: -26/148    AC: 14    Str: 23    XL:     11   Next: 53%
Magic:  3/3        EV: 15    Int:  7    God:    Trog [*****.]
Gold:   911        SH:  0    Dex: 12    Spells: 10/10 levels left

rFire   + . .        F - +2 glaive (antimagic)
rCold   x . .        (shield currently unavailable)
rNeg    . . .        (body armour unavailable)
rPois   .            A - +0 hat {Stlth+}
rElec   .            (no cloak)
rCorr   .            x - +0 pair of gloves
SInv    .            w - +0 pair of boots
Will    .....        (no amulet) Stlth
                     u - ring of fire
HPRegen 0.44/turn    (no ring)
MPRegen 0.08/turn

%: no passive effects
@: berserking, very quick
A: AC +12, amphibious, unfitting armour, cold-blooded
a: Renounce Religion, Berserk, Trog's Hand, Brothers in Arms


You were on level 11 of the Dungeon.
You worshipped Trog.
Trog was extremely pleased with you.
You visited 1 branch of the dungeon, and saw 11 of its levels.
You also visited: Sewer.

You collected 1061 gold pieces.
You spent 150 gold pieces at shops.

Inventory:

Hand Weapons
 h - a +0 halberd
 q - a +4 spear of venom
 y - a +1 trident of venom
 z - a +4 trident of protection
 E - a +0 trident of protection
 F - a +2 antimagic glaive (weapon)
Missiles
 H - 4 silver boomerangs (quivered)
Armour
 v - an orb of energy
 w - a +0 pair of boots (worn)
 x - a +0 pair of gloves (worn)
 A - a +0 hat of stealth (worn)
Jewellery
 u - a ring of fire (left hand)
Wands
 s - a wand of light (19)
 t - a wand of paralysis (32)
 C - a wand of flame (17)
Scrolls
 f - 4 scrolls of summoning
 g - 4 scrolls of identify
 j - 6 scrolls of teleportation
 r - a scroll of magic mapping
 I - a scroll of fog
Potions
 a - a potion of degeneration {unknown}
 b - 2 potions of curing
 c - 3 potions of brilliance {unknown}
 d - 3 potions of flight {unknown}
 e - a potion of berserk rage {unknown}
 i - 3 potions of lignification {unknown}
 k - a potion of experience {unknown}
 l - 6 potions of might {unknown}
 m - 6 potions of heal wounds {unknown}
 n - 2 potions of cancellation {unknown}
 o - 2 potions of mutation {unknown}
 p - a potion of magic {unknown}
 B - 3 potions of resistance {unknown}
 D - a potion of ambrosia {unknown}
 G - a potion of attraction {unknown}


   Skills:
 + Level 9.9 Fighting
 + Level 12.2 Polearms
 + Level 9.5 Dodging
 + Level 5.7 Stealth
 + Level 0.1 Evocations


You had 10 spell levels left.
You didn't know any spells.
Your spell library was empty.

Dungeon Overview and Level Annotations

Branches:
Dungeon (11/15)            Temple (0/1) D:6            Lair (0/5) D:9
  Sewer (visited)
    Orc: D:9-12

Altars:
Ashenzari
Dithmenos
Elyvilon
Fedhas
Hepliaklqana
Kikubaaqudgha
Makhleb
Qazlal
Uskayaw
Xom
Yredelemnul
The Shining One

Shops:
D:4 (*


Innate Abilities, Weirdness & Mutations

Your dull iron-grey scales are very hard. (AC +12)
You are amphibious.
You cannot fit into any form of body armour.
You are cold-blooded and may be slowed by cold attacks.


Message History

The gargoyle is lightly damaged.
The gargoyle barely misses you.
You hit the gargoyle but do no damage.
The gargoyle is lightly damaged.
The gargoyle hits you with a +0 morningstar!
You hit the gargoyle but do no damage.
You tail-slap the gargoyle, but do no damage.
The gargoyle is lightly damaged.
The gargoyle hits you but does no damage.
The gargoyle hits you with a +0 morningstar!
The two-headed ogre attacks as you move away!
The two-headed ogre misses you.
The two-headed ogre hits you with a +0 giant club!!
The gargoyle hurls a stone arrow at you.
The stone arrow hits you!
* * * LOW HITPOINT WARNING * * *
A red film seems to cover your vision as you go berserk!
You feel yourself moving faster!
You feel mighty! The two-headed ogre misses you.
The two-headed ogre hits you with a +0 giant club!!
* * * LOW HITPOINT WARNING * * *
You slash the two-headed ogre!
The two-headed ogre is moderately wounded.
You hit the two-headed ogre.
The two-headed ogre is moderately wounded.
The two-headed ogre misses you. The two-headed ogre closely misses you.
You slash the two-headed ogre!
The two-headed ogre is heavily wounded.
You slash the two-headed ogre!
The two-headed ogre is heavily wounded.
The two-headed ogre barely misses you.
The two-headed ogre hits you with a +0 giant club!
* * * LOW HITPOINT WARNING * * *
You barely miss the two-headed ogre.
The two-headed ogre is heavily wounded.
You slice the two-headed ogre!!
You tail-slap the two-headed ogre, but do no damage.
The two-headed ogre is almost dead.
The two-headed ogre hits you with a +0 giant club!!
You die...

############
#..........# ##
##...........
...#...........#
..............#
#..........#
#..)9......#
####O####### ... #@##
##..###### #..#
.........# ##.#
≈≈≈≈≈≈8.# #)# ≈≈≈≈≈8≈.#
#)## ####
#'.≈≈.####..##### .....
#o≈≈..#.)....)...
......##≈≈.)..##.######
...........#### .#


You could see a two-headed ogre and a gargoyle.

Vanquished Creatures
  Gastronok (D:10)
  A two-headed ogre (D:10)
  The ghost of pajopajo the Conjurer, a novice DgCj (D:9)
  Pikel (D:8)
  A deep elf pyromancer (D:7)
  2 oklob plants (D:9)
  Psyche (D:8)
  A kobold demonologist (D:10)
  Grinder (D:3)
  Prince Ribbit (D:8)
  A wyvern (D:10)
  A vampire (D:9)
  A water elemental (D:11)
  A wraith (D:9)
  10 yaks
  3 water moccasins
  Pargi (Sewer)
  9 orc warriors
  An ice beast (D:5)
  4 black bears (D:9)
  2 ogres
  A sky beast (D:8)
  3 centaurs
  3 lemures (D:8)
  4 kobold brigands
  3 scorpions (D:5)
  6 bullfrogs
  13 wights (D:8)
  3 killer bees (D:9)
  An electric eel (D:11)
  A howler monkey (D:6)
  A hound (D:4)
  2 jellies (D:7)
  9 orc priests
  A gnoll bouda (D:7)
  2 human skeletons (D:9)
  A sleepcap (D:6)
  11 orc wizards
  2 iguanas (D:5)
  5 adders
  6 gnolls
  2 river rats (D:3)
  A shadow imp (D:7)
  2 white imps (D:6)
  2 ufetubi (D:7)
  2 worms
  2 dart slugs
  82 orcs
  13 ball pythons
  8 bats
  12 endoplasms
  5 giant cockroaches
  9 goblins
  7 hobgoblins
  8 jackals
  2 quokkas (D:3)
  3 frilled lizards
  16 kobolds
  13 rats
312 creatures vanquished.

Vanquished Creatures (others)
  A human (D:9)
  A floating eye (D:9)
  A jelly (D:5)
3 creatures vanquished.

Grand Total: 315 creatures vanquished

Notes
Turn   | Place    | Note
-------+----------+-------------------------------------------
     0 | D:1      | boopmooplesden the Draconian Berserker began the quest for
                  | the Orb.
     0 | D:1      | Reached XP level 1. HP: 19/19 MP: 1/1
   115 | D:1      | Reached XP level 2. HP: 26/26 MP: 2/2
   461 | D:1      | Reached XP level 3. HP: 31/31 MP: 3/3
  1066 | D:2      | Reached ** piety under Trog
  1067 | D:2      | Reached skill level 4 in Polearms
  1168 | D:2      | Reached XP level 4. HP: 37/40 MP: 4/4
  1936 | D:2      | Found a faded altar of an unknown god.
  2107 | D:3      | Found a glowing drain.
  2134 | Sewer    | Entered a sewer
  2182 | Sewer    | Reached XP level 5. HP: 43/46 MP: 5/5
  2188 | Sewer    | Noticed Pargi
  2197 | Sewer    | Killed Pargi
  2198 | Sewer    | Reached skill level 5 in Polearms
  2361 | D:3      | Noticed Grinder
  2363 | D:3      | Paralysed by Grinder for 5 turns
  2379 | D:3      | Paralysed by Grinder for 3 turns
  2493 | D:4      | Found Wytziffe's Antique Weapon Shoppe.
  2506 | D:4      | Bought a glowing spear for 150 gold pieces
  2632 | D:4      | Found Puant's Overcharged Wands.
  2722 | D:4      | Reached XP level 6. HP: 49/53 MP: 6/6
  3219 | D:3      | Reached skill level 1 in Stealth
  3288 | D:3      | Paralysed by Grinder for 3 turns
  3295 | D:3      | Killed Grinder
  3296 | D:3      | Reached skill level 5 in Fighting
  3296 | D:3      | Reached skill level 6 in Polearms
  3296 | D:3      | Your scales start taking on a dull iron-grey colour.
  3296 | D:3      | Reached XP level 7. HP: 25/61 MP: 7/7
  3619 | D:3      | Found a stormy altar of Qazlal.
  3672 | D:5      | Entered Level 5 of the Dungeon
  3996 | D:5      | Reached *** piety under Trog
  4068 | D:5      | Reached skill level 7 in Polearms
  4151 | D:5      | Reached XP level 8. HP: 49/70 MP: 8/8
  4408 | D:6      | Reached skill level 5 in Dodging
  4464 | D:6      | Found a staircase to the Ecumenical Temple.
  4617 | D:6      | Found a shadowy altar of Dithmenos.
  5734 | D:7      | Noticed a deep elf pyromancer
  5741 | D:7      | Killed a deep elf pyromancer
  5896 | D:7      | Reached skill level 8 in Polearms
  6320 | D:7      | Reached XP level 9. HP: 78/78 MP: 9/9
  6529 | D:7      | Found a hide-covered altar of Uskayaw.
  6577 | D:8      | Noticed Pikel
  6613 | D:8      | Killed Pikel
  6915 | D:8      | Found a hazy altar of Hepliaklqana.
  6996 | D:8      | Reached **** piety under Trog
  6997 | D:8      | Reached skill level 9 in Polearms
  6997 | D:8      | Reached skill level 5 in Stealth
  7486 | D:8      | Noticed Psyche
  7499 | D:8      | Killed Psyche
  7501 | D:8      | Found a broken altar of Ashenzari.
  7625 | D:8      | Found an ancient bone altar of Kikubaaqudgha.
  7647 | D:8      | Found a white marble altar of Elyvilon.
  7846 | D:8      | Noticed Prince Ribbit
  7856 | D:8      | Killed Prince Ribbit
  7857 | D:8      | Reached XP level 10. HP: 88/88 MP: 10/10
  8377 | D:9      | Reached skill level 10 in Polearms
  8537 | D:9      | Noticed an oklob plant
  8543 | D:9      | Found a runed translucent door.
  8547 | D:9      | Found a basalt altar of Yredelemnul.
  8640 | D:9      | Noticed an oklob plant
  8876 | D:9      | Found a glowing golden altar of the Shining One.
  8895 | D:9      | Found a shimmering altar of Xom.
  8897 | D:9      | Found a blossoming altar of Fedhas.
  9043 | D:9      | Found a burning altar of Makhleb.
  9297 | D:9      | Found a staircase to the Lair.
  9317 | D:9      | Found a runed translucent door.
  9317 | D:9      | Noticed pajopajo's ghost (novice DgCj)
  9648 | D:9      | Reached ***** piety under Trog
  9665 | D:9      | Reached skill level 11 in Polearms
 10141 | D:9      | Killed pajopajo's ghost
 10141 | D:9      | Received a gift from Trog
 10142 | D:9      | Reached XP level 11. HP: 97/97 MP: 11/11
 10317 | D:9      | Killed an oklob plant
 10328 | D:9      | Killed an oklob plant
 10362 | D:10     | Entered Level 10 of the Dungeon
 10366 | D:10     | Noticed Gastronok
 10421 | D:10     | Killed Gastronok
 10977 | D:10     | Noticed a two-headed ogre
 10996 | D:10     | Killed a two-headed ogre
 11137 | D:10     | Reached skill level 12 in Polearms
 12247 | D:11     | Noticed a two-headed ogre
 12261 | D:11     | HP: 1/148 [two-headed ogre/+0 giant club (11)]
 12263 | D:11     | Annihilated by a two-headed ogre

Illustrated notes

Levels and vault maps discovered:
D:1:      lightli_arrival_statuegarden, layout_basic
D:2:      layout_loops_corners, shapermc_ecumenical_altar_mp_vishouse,
          minmay_randomly_rotated_circles
D:3:      layout_basic, nicolae_qazlal_eye_of_the_storm,
          cheibrodos_sewer_entry_sluice, kennysheep_potato, uniq_grinder
D:4:      layout_loops_ring, serial_shops, shop, nicolae_shop_overcharged_wands
D:5:      layout_basic
D:6:      layout_basic, kennysheep_little_box, temple_pool_b,
          hangedman_decor_slide_cut
D:7:      layout_loops_corners, mainiacjoe_overflow_alcove_4
D:8:      layout_loops_ring, evilmike_ruin_ashenzari,
          mainiacjoe_overflow_surrounded_room, minitemple, special_room
          [special_room_orc], uniq_prince_ribbit1, uniq_psyche, uniq_pikel
D:9:      layout_roguey [special_room_orc], grunt_temple_overflow_open,
          tso_oasis_becter, dk_yredelemnul_ordeal, lightli_temple_of_fire,
          due_lair_maze_entry_diamond, gammafunk_ghost_grave, disabler_island
D:10:     layout_stronghold, uniq_gastronok
D:11:     layout_roguey, erik_orc_2

Skill      XL: |  1  2  3  4  5  6  7  8  9 10 11 |
---------------+----------------------------------+-----
Dodging        | 3 4 6 7 8 9 |  9.5
Polearms       | 4 5 6 7 8 9 11 12 | 12.2
Fighting       | 4 5 6 8 9 |  9.9
Stealth        | 1 3 5 |  5.7
Evocations     | |  0.1

Action                     |  1- 3 |  4- 6 |  7- 9 | 10-12 || total
---------------------------+-------+-------+-------+-------++-------
  Melee: Spear             |   129 |    69 |   355 |   310 ||   863
         Tailslap          |    10 |    14 |    49 |    74 ||   147
         Halberd           |       |   100 |       |       ||   100
         Punch             |       |     2 |     4 |     4 ||    10
         Glaive            |       |       |       |   141 ||   141
 Invoke: Berserk           |     1 |     4 |     5 |    11 ||    21
         Trog's Hand       |       |     2 |       |     3 ||     5
  Evoke: Wand              |       |       |       |     1 ||     1
    Use: Scroll            |     3 |     6 |     3 |     9 ||    21
         Potion            |       |     1 |       |     1 ||     2
   Stab: Sleeping          |       |       |     9 |     3 ||    12
 Armour: Skin              |    36 |    59 |   162 |   211 ||   468
  Dodge: Dodged            |    97 |   110 |   297 |   391 ||   895
